 Dungeon Crawl Stone Soup version 0.30-a0-219-gf2db51d15e (webtiles) character file.

Game seed: 15186399472525242260

43 jimonade the Sneak (level 3, -11/21 HPs)
             Began as a Kobold Brigand on Oct 7, 2022.
             Mangled by Crazy Yiuf
             ... wielding a +3 quarterstaff of chaos
              (14 damage)
             ... on level 2 of the Dungeon.
             The game lasted 00:01:36 (1590 turns).

jimonade the Sneak (Kobold Brigand)                 Turns: 1590, Time: 00:01:36

Health: -11/21     AC:  3    Str:  8    XL:     3   Next: 82%
Magic:  3/3        EV: 14    Int: 12    God:
Gold:   114        SH:  0    Dex: 18    Spells: 2/2 levels left

rFire   . . .      SeeInvis .    a - +2 dagger
rCold   . . .      Faith    .    (no shield)
rNeg    . . .      Spirit   .    b - +0 robe
rPois   .          Reflect  .    (no helmet)
rElec   .          Harm     .    c - +0 cloak
rCorr   .          Rampage  .    (no gloves)
Will    .....                    (no boots)
Stlth   ++++......               (no amulet)
HPRegen 0.23/turn                (no ring)
MPRegen 0.08/turn                (no ring)

@: no status effects
A: small, no large weapons, nightstalker 3
a: no special abilities


You were on level 2 of the Dungeon.
You visited 1 branch of the dungeon, and saw 2 of its levels.

You collected 114 gold pieces.

Inventory:

Hand Weapons
 a - a +2 dagger (weapon)
 j - a +0 sling
Missiles
 d - 9 poisoned darts (quivered)
 e - 3 curare-tipped darts
Armour
 b - a +0 robe (worn)
 c - a +0 cloak (worn)
Scrolls
 f - a scroll of blinking {unknown}
 h - 3 scrolls of identify {unknown}
Potions
 g - 3 potions of curing {unknown}
 i - a potion of lignification {unknown}
 k - a potion of flight {unknown}
 l - 2 potions of brilliance {unknown}
 m - a potion of degeneration {unknown}
 n - a potion of haste {unknown}


   Skills:
 - Level 2.1 Fighting
 + Level 5.1 Short Blades
 - Level 2.1 Throwing
 - Level 1.2 Dodging
 - Level 5.3 Stealth


You had 2 spell levels left.
You didn't know any spells.
Your spell library contained the following spells:

 Spells                   Type           Power      Damage    Failure   Level
 Blink                    Tloc           0%         N/A       45%         2
 Manifold Assault         Tloc           0%         N/A       97%         4
 Storm Form               Tmut/Air       0%         N/A       100%        7


Dungeon Overview and Level Annotations

Branches:
Dungeon (2/15)

Altars:

Annotations:
D:2 Crazy Yiuf


Innate Abilities, Weirdness & Mutations

You are small and have problems with some larger weapons.
You are completely attuned to the shadows.


Message History

You hit the jackal.
You kill the jackal!
You hit the rat.
You kill the rat!
No target in view!
Things that are here:
a rat corpse; a jackal corpse; a frilled lizard corpse You see here 6 stones.
h - 3 scrolls labelled IQEQIUGILL (gained 1)
You see here a rat corpse.
You see here a staff of air.
You now have 101 gold pieces (gained 10).
m - a lumpy blue potion
n - a metallic blue potion
Found a faded altar of an unknown god.
There is a faded altar of an unknown god here.
Found a stone staircase leading up.
You now have 114 gold pieces (gained 13).
Found a runed translucent door.
Found a hammer.
You open the door.
There is an open translucent door here.
Crazy Yiuf says, "Proton tea sing-song!"
You hit Crazy Yiuf but do no damage.
Crazy Yiuf screams, "Blight!
Gum bush song."
Crazy Yiuf hits you with a +3 quarterstaff of chaos!
Crazy Yiuf burns you.
You are too injured to fight recklessly!
You hit Crazy Yiuf.
Crazy Yiuf is lightly wounded.
Crazy Yiuf closely misses you.
You hit Crazy Yiuf.
Crazy Yiuf is moderately wounded.
Crazy Yiuf hits you with a +3 quarterstaff of chaos!
* * * LOW HITPOINT WARNING * * *
You hit Crazy Yiuf but do no damage.
Crazy Yiuf is moderately wounded.
Crazy Yiuf hits you with a +3 quarterstaff of chaos!
Ouch! That really hurt!
You die...

#.##........
#.##........
#......#....
####)..#....
#...###..
##### #...#
#.. #)..#
#...# #..
#.g.#
########..
#.@.#
###.........
##'##
#..†###.###.
♣.♣♣
#.....###...
♣♣.♣
#...#.#.#.##
♣.♣♣
#...#.(....#
♣♣.♣
#...###†#.##
♣♣.♣♣
#....#......
♣♣...♣
#..###|#.#.
♣....♣
##..#...###.


You could see Crazy Yiuf.

Vanquished Creatures
  2 dart slugs (D:1)
  3 bats
  3 endoplasms (D:2)
  2 giant cockroaches
  6 goblins
  2 hobgoblins (D:1)
  A jackal (D:2)
  4 kobolds
  A quokka (D:1)
  4 ball pythons
  2 frilled lizards
  6 rats
36 creatures vanquished.

Notes
Turn   | Place    | Note
-------+----------+-------------------------------------------
     0 | D:1      | jimonade the Kobold Brigand began the quest for the Orb.
     0 | D:1      | Reached XP level 1. HP: 12/12 MP: 1/1
   104 | D:1      | Reached XP level 2. HP: 17/17 MP: 2/2
   596 | D:1      | Reached XP level 3. HP: 21/21 MP: 3/3
  1346 | D:2      | Reached skill level 5 in Short Blades
  1509 | D:2      | Found a faded altar of an unknown god.
  1580 | D:2      | Found a runed translucent door.
  1583 | D:2      | Noticed Crazy Yiuf
  1590 | D:2      | Mangled by Crazy Yiuf

Illustrated notes

Levels and vault maps discovered:
D:1:      kennysheep_arrival_seaside, layout_basic, dreamdust_princess_corridor,
          minmay_strange_pillars
D:2:      layout_basic, basic_ecumenical_altar, minmay_indecisive_spiral,
          uniq_crazy_yiuf_cottage

Skill      XL: |  1  2  3 |
---------------+----------+-----
Short Blades   | 3 4 5 |  5.1
Fighting       | |  2.1
Throwing       | |  2.1
Dodging        | |  1.2
Stealth        | |  5.3

Action                   || total
-------------------------++-------
Melee: Dagger            ||    92
 Stab: Sleeping          ||    14
Armor: Robe              ||    13
Dodge: Dodged            ||    34

Table legend: (Time is in decaauts)
 A = Elapsed time spent in this place.
 B = Non-inter-level travel time spent in this place.
 C = Inter-level travel time spent in this place.
 D = Time resting spent in this place.
 E = Time spent auto-exploring this place.
 F = Levels seen in this place.
 G = Mean time per level.
                   A        B        C        D        E       F      G
               +--------+--------+--------+--------+--------+-----+--------+
         Total |   1574 |   1547 |     27 |      0 |   1336 |   2 |  787.0 |
       Dungeon |   1574 |   1547 |     27 |      0 |   1336 |   2 |  787.0 |
               +--------+--------+--------+--------+--------+-----+--------+

Top non-repeatable levels by time:
     D:1: 1111 daAuts
     D:2: 463 daAuts
